[Event "*** SCC Grand Prix: Titled Tuesday Blitz"]
[Site "Chess.com"]
[Date "2020.10.06"]
[Round "6"]
[White "BikingBrian"]
[Black "MasterSonnevanck23"]
[Result "0-1"]
[WhiteElo "2204"]
[BlackElo "2356"]
[TimeControl "180+1"]
[EndTime "11:06:41 PDT"]
[Termination "MasterSonnevanck23 won by resignation"]

1. d4 Nf6 2. Bg5 Ne4 3. Bf4 c5 4. f3 Nf6 5. dxc5 b6 6. e4 bxc5 7. Nc3 Nc6 8. Bc4 d6 9. Nge2 g6 10. Qd2 Bg7 11. O-O O-O 12. Bh6 Ne5 13. Bd5 Rb8 14. Bxg7 Kxg7 15. f4 Ned7 16. b3 Nb6 17. Qe3 e6 18. Bc4 Nxc4 19. bxc4 Ba6 20. e5 dxe5 21.
fxe5 Nd7 22. Qe4 Qg5 23. Rad1 Bb7 24. Nd5 exd5 25. cxd5 Qxe5 26. Qf3 Nf6 27. Nf4 Rbe8 28. Rfe1 Qxe1+ 29. Rxe1 Rxe1+ 30. Kf2 Rfe8 31. Qc3 R1e5 32. Qxc5 Ne4+ 0-1

[Event "*** SCC Grand Prix: Titled Tuesday Blitz"]
[Site "Chess.com"]
[Date "2020.10.06"]
[Round "6"]
[White "MasterMK73"]
[Black "ethylalcohol"]
[Result "1-0"]
[WhiteElo "2210"]
[BlackElo "2135"]
[TimeControl "180+1"]
[EndTime "11:06:44 PDT"]
[Termination "MasterMK73 won on time"]

1. e4 e6 2. d4 d5 3. Nd2 c5 4. exd5 Qxd5 5. Ngf3 cxd4 6. Bc4 Qd6 7. O-O Nf6 8. Qe2 Nc6 9. Nb3 Be7 10. Rd1 e5 11. c3 Bg4 12. cxd4 e4 13. Bxf7+ Kxf7 14. Ng5+ Kf8 15.
f3 exf3 16. gxf3 Bd7 17. d5 Nxd5 18. Qc4 Ncb4 19. a3 Rc8 20. Qe4 Rc2 21. Bd2 Qb6+ 22. Kh1 Rxd2 23. Rxd2 Bxg5 24. Rg2 1-0

[Event "*** SCC Grand Prix: Titled Tuesday Blitz"]
[Site "Chess.com"]
[Date "2020.10.06"]
[Round "6"]
[White "Infernal_XaM"]
[Black "seorobert1971"]
[Result "1-0"]
[WhiteElo "2874"]
[BlackElo "2704"]
[TimeControl "180+1"]
[EndTime "11:06:45 PDT"]
[Termination "Infernal_XaM won by resignation"]

1. d4 Nf6 2. c4 e6 3. Nf3 d5 4. Nc3 dxc4 5. e4 b5 6. e5 Nd5 7. Nxb5 Nb6 8. Nc3 Nc6 9. Be3 Be7 10. Be2 Bb7 11. O-O O-O 12. Rc1 Rb8 13. Qc2 Nb4 14. Qb1 Qd7 15. Rfd1 N4d5 16. Nxd5 Bxd5 17. Nd2 Na4 18.
Nxc4 Bxc4 19. Rxc4 Nxb2 20. Qc2 Nxc4 21. Bxc4 Rfc8 22.
d5 exd5 23. Bxd5 Qe8 24. e6 f6 25. Bc6 Qf8 26. Bxa7 Rb4 27. Rd7 Rd8 28. h3 Rxd7 29. exd7 Qf7 30. Qd2 Rb1+ 31. Kh2 Qf8 32. Be3 g6 33. a4 Bd6+ 34. g3 Be7 35. Qa2+ 1-0

[Event "*** SCC Grand Prix: Titled Tuesday Blitz"]
[Site "Chess.com"]
[Date "2020.10.06"]
[Round "6"]
[White "BocharovD"]
[Black "tornikesanikidze"]
[Result "0-1"]
[WhiteElo "2797"]
[BlackElo "2637"]
[TimeControl "180+1"]
[EndTime "11:06:45 PDT"]
[Termination "tornikesanikidze won by resignation"]

1. d4 d5 2. c4 e6 3. Nf3 Nf6 4. g3 dxc4 5. Bg2 Nc6 6. Qa4 Bb4+ 7. Bd2 Nd5 8. Bxb4 Nxb4 9. O-O Rb8 10. Ne5 Qxd4 11.
Nxc6 Nxc6 12. Na3 Bd7 13. Rfd1 Qc5 14. Rac1 b5 15. Qc2 Rd8 16. Nb1 O-O 17. Nc3 a6 18. b3 Nd4 19. Qb2 b4 20. Ne4 c3 21. Qc2 Qb6 22. Qd3 Bb5 0-1

[Event "*** SCC Grand Prix: Titled Tuesday Blitz"]
[Site "Chess.com"]
[Date "2020.10.06"]
[Round "6"]
[White "Moultino06"]
[Black "Mr_Sinigami"]
[Result "0-1"]
[WhiteElo "2642"]
[BlackElo "2502"]
[TimeControl "180+1"]
[EndTime "11:06:46 PDT"]
[Termination "Mr_Sinigami won by resignation"]

1. c4 Nf6 2. Nc3 g6 3. Nf3 Bg7 4. g3 O-O 5. Bg2 d6 6. O-O Nbd7 7. d4 e5 8. e4 exd4 9. Nxd4 Re8 10. h3 c6 11. b3 a5 12. Bb2 Nc5 13. Qc2 a4 14. Rad1 axb3 15. axb3 Qb6 16. Rfe1 Nfd7 17. Ndb5 cxb5 18.
Nxb5 Ra2 19. Nc3 Rxb2 20. Qxb2 Qb4 21. Re3 Na4 22. Nxa4 Bxb2 23. Nxb2 Nc5 24. Rxd6 Nxb3 25. e5 Nc5 26. Re2 Be6 27. Bd5 Bxd5 28. Rxd5 b6 29. f4 Ra8 30. Red2 Ra1+ 31. Kg2 Ra2 0-1

[Event "*** SCC Grand Prix: Titled Tuesday Blitz"]
[Site "Chess.com"]
[Date "2020.10.06"]
[Round "6"]
[White "jacky72"]
[Black "kirillgenius"]
[Result "1/2-1/2"]
[WhiteElo "2573"]
[BlackElo "2351"]
[TimeControl "180+1"]
[EndTime "11:06:46 PDT"]
[Termination "Game drawn by repetition"]

1. Nf3 d5 2. c4 e6 3. cxd5 exd5 4.
g3 c6 5. Bg2 Nf6 6. O-O Be7 7.
b3 O-O 8. Bb2 Re8 9. d3 Bg4 10. h3 Bh5 11. g4 Bg6 12. Ne5 Nbd7 13. Nxg6 hxg6 14. Nd2 Qa5 15. Nf3 Ba3 16. Bxa3 Qxa3 17.
Re1 Rad8 18. Qc2 Ne5 19. Nxe5 Rxe5 20. e4 dxe4 21. dxe4 Rc5 22. Qe2 Qb4 23. Rad1 Rxd1 24. Rxd1 Qc3 25. f4 g5 26. e5 Nd5 27. Bxd5 Rxd5 28.
Rxd5 cxd5 29. fxg5 Qc1+ 30. Kg2 Qxg5 31. e6 fxe6 32.
Qxe6+ Kh7 33. Kf3 Qd2 34. Qf5+ Kg8 35. Qc8+ Kh7 36. Qxb7 Qd3+ 37. Kf4 Qd4+ 38. Kf5 Qe4+ 39.
Kg5 Qe5+ 40. Kh4 Qe1+ 41. Kh5 Qe5+ 42. g5 Qe2+ 43. Kh4 Qe4+ 44. Kg3 Qe3+ 45. Kg4 Qe4+ 46.
Kg3 Qe3+ 47. Kg2 Qe2+ 48. Kg1 Qe1+ 49. Kg2 Qe2+ 50. Kg3 Qe3+ 1/2-1/2

[Event "*** SCC Grand Prix: Titled Tuesday Blitz"]
[Site "Chess.com"]
[Date "2020.10.06"]
[Round "6"]
[White "Morshynska"]
[Black "GianmarcoVaR"]
[Result "0-1"]
[WhiteElo "2221"]
[BlackElo "2475"]
[TimeControl "180+1"]
[EndTime "11:06:46 PDT"]
[Termination "GianmarcoVaR won by resignation"]

1. Nf3 Nf6 2. g3 b6 3. Bg2 Bb7 4. O-O c5 5. c4 g6 6. b3 Bg7 7. Bb2 O-O 8. Nc3 Na6 9. d4 cxd4 10.
Nxd4 Bxg2 11. Kxg2 Qc7 12. e3 Nc5 13. Rc1 d6 14.
Ba1 a6 15. Qf3 e6 16. Rfd1 Rac8 17. Nde2 Nfd7 18. Nf4 Ne5 19. Qe2 Qc6+ 20. e4 f5 21. Re1 fxe4 22. Nxe4 Rxf4 23. gxf4 Ned3 24. Kg3 Nxc1 25.
Qc2 N1d3 0-1

[Event "*** SCC Grand Prix: Titled Tuesday Blitz"]
[Site "Chess.com"]
[Date "2020.10.06"]
[Round "6"]
[White "RobPeresian"]
[Black "Ze-Pequeno"]
[Result "1-0"]
[WhiteElo "2440"]
[BlackElo "2250"]
[TimeControl "180+1"]
[EndTime "11:06:46 PDT"]
[Termination "RobPeresian won by resignation"]

1. Nf3 Nf6 2. c4 c5 3. Nc3 e6 4.
g3 b6 5. Bg2 Bb7 6. O-O Be7 7.
Re1 d6 8. e4 Nbd7 9. d4 cxd4 10. Nxd4 Qc8 11. Be3 a6 12. f4 O-O 13. Rc1 Re8 14. h3 Qc7 15. g4 Nc5 16. Bf2 h6 17.
h4 Nh7 18. g5 hxg5 19. hxg5 Nf8 20. Qd2 Rac8 21. f5 e5 22. Nf3 Qd8 23. b4 Ncd7 24. Nd5 Bxd5 25. cxd5 b5 26. Rxc8 Qxc8 27. Rc1 Qb7 28. Rc6 Rc8 29. Qc1 Rd8 30. Rc7 Qb8 31. Qc6 f6 32. g6 1-0

[Event "*** SCC Grand Prix: Titled Tuesday Blitz"]
[Site "Chess.com"]
[Date "2020.10.06"]
[Round "6"]
[White "exoticprincess"]
[Black "BeanScreen"]
[Result "1-0"]
[WhiteElo "2884"]
[BlackElo "2667"]
[TimeControl "180+1"]
[EndTime "11:06:47 PDT"]
[Termination "exoticprincess won by checkmate"]

1. d4 d5 2. Nc3 Nf6 3. Bf4 a6 4. e3 Bf5 5. Bd3 Bg6 6. Nf3 e6 7. O-O Bb4 8. Ne5 Nbd7 9. Nxg6 hxg6 10. h3 O-O 11. Ne2 c5 12. c3 Ba5 13. dxc5 Bc7 14. b4 Rc8 15. Rc1 Ne5 16. Nd4 Nxd3 17. Bxc7 Qxc7 18.
Qxd3 e5 19. Nb3 Rcd8 20. a4 Rfe8 21. a5 e4 22. Qe2 Re5 23. Nd4 Rg5 24. c4 dxc4 25.
Rxc4 Nd5 26. c6 bxc6 27. Rxc6 Qd7 28. h4 Rh5 29. g3 Nxb4 30. Rb6 Nd3 31. Rfb1 Rxa5 32.
Nc6 Rf5 33. Nxd8 Rxf2 34. Ne6 fxe6 35. Qg4 Qc7 36. Qxe6+ Kh8 37. Rb8+ Kh7 38. Qg8+ Kh6 39.
Qh8# 1-0

[Event "*** SCC Grand Prix: Titled Tuesday Blitz"]
[Site "Chess.com"]
[Date "2020.10.06"]
[Round "6"]
[White "FLamps8"]
[Black "DanielDardha2005"]
[Result "0-1"]
[WhiteElo "2506"]
[BlackElo "2682"]
[TimeControl "180+1"]
[EndTime "11:06:47 PDT"]
[Termination "DanielDardha2005 won by resignation"]

1. d4 Nf6 2. Bf4 b6 3. Nc3 Bb7 4. d5 e6 5. e4 Bb4 6. dxe6 fxe6 7. f3 O-O 8. Qd2 d5 9. Bg5 d4 10. O-O-O Nc6 11. Qe2 Qe7 12. Nb1 Qc5 13. Nh3 a5 14.
Qc4 Qd6 15. a3 Ba6 16. Qb3 a4 17. Qa2 Bxf1 18. Rhxf1 Ba5 19. Nd2 b5 20. Nf4 Rae8 21. Nd3 Nd7 22. f4 Nc5 23. e5 Nxd3+ 24. cxd3 Bxd2+ 25. Rxd2 Qd7 26. Rc2 Na5 27. Kb1 Nb3 28.
Rd1 c5 29. g4 Qd5 30. Rf2 h6 31. Rdf1 hxg5 0-1

[Event "*** SCC Grand Prix: Titled Tuesday Blitz"]
[Site "Chess.com"]
[Date "2020.10.06"]
[Round "6"]
[White "kasparicy"]
[Black "maxsergej"]
[Result "1/2-1/2"]
[WhiteElo "2381"]
[BlackElo "2132"]
[TimeControl "180+1"]
[EndTime "11:06:47 PDT"]
[Termination "Game drawn by repetition"]

1. e4 c5 2. Nf3 Nc6 3. d4 cxd4 4. Nxd4 g6 5. Nc3 Bg7 6. Be3 Nf6 7. Be2 O-O 8. Nb3 d6 9. O-O Be6 10. f4 Qc8 11. Kh1 Rd8 12. Qe1 Nb4 13. Rc1 a5 14.
Qh4 a4 15. Nd4 Nxa2 16. Nxa2 Bxa2 17. b3 Nxe4 18. f5 Qc3 19. fxg6 fxg6 20. Ne6 Qxe3 21. Qxe7 Ng3+ 22. hxg3 Qh6+ 23. Kg1 Qe3+ 24. Kh2 Qh6+ 25.
Kg1 Qe3+ 26. Kh2 Qh6+ 27. Kg1 1/2-1/2

[Event "*** SCC Grand Prix: Titled Tuesday Blitz"]
[Site "Chess.com"]
[Date "2020.10.06"]
[Round "6"]
[White "gui_borba"]
[Black "vovachesss"]
[Result "0-1"]
[WhiteElo "2492"]
[BlackElo "2675"]
[TimeControl "180+1"]
[EndTime "11:06:50 PDT"]
[Termination "vovachesss won by resignation"]

1. d4 Nf6 2. Bf4 c6 3. Nc3 d5 4. e3 Bf5 5. Nf3 e6 6. Ne5 Qb6 7. Rb1 Nfd7 8. Bd3 Nxe5 9. Bxe5 Nd7 10. Bxf5 exf5 11. Bg3 g6 12. h4 h5 13. O-O Bg7 14.
Ne2 O-O 15. Qd3 Nf6 16. Be5 Ne4 17. Bxg7 Kxg7 18. Nf4 Rfe8 19. c4 dxc4 20. Qc2 Qa6 21. b3 c3 22. Rfd1 Qa5 23. b4 Qd8 24. Ne2 Qxh4 25. Nxc3 Nf6 26. b5 Ng4 27. b6 Qh2+ 28.
Kf1 Rxe3 0-1

[Event "*** SCC Grand Prix: Titled Tuesday Blitz"]
[Site "Chess.com"]
[Date "2020.10.06"]
[Round "6"]
[White "Alindsay211"]
[Black "Lion-Al-Messi"]
[Result "1-0"]
[WhiteElo "2409"]
[BlackElo "2523"]
[TimeControl "180+1"]
[EndTime "11:06:50 PDT"]
[Termination "Alindsay211 won by resignation"]

1. e4 e6 2. d4 d5 3. e5 c5 4. c3 Nc6 5. Nf3 Qb6 6. a3 Nh6 7. b4 cxd4 8. cxd4 Nf5 9. Bb2 Bd7 10. Bd3 Be7 11. Bxf5 exf5 12. O-O g5 13. Nc3 Be6 14. Rc1 g4 15. Ne1 Bg5 16. Na4 Qd8 17. Rc2 h5 18.
Nc5 Qe7 19. Bc1 f4 20. Qd3 h4 21. Bd2 g3 22. fxg3 hxg3 23. hxg3 fxg3 24. Qxg3 Bh4 25. Qg7 O-O-O 26. Nxe6 Qxe6 27. b5 Rdg8 28. Qxf7 Qg4 29.
Qf5+ Qxf5 30. Rxf5 Kd7 31. bxc6+ bxc6 32. Nf3 Bd8 33. e6+ Kxe6 34. Re5+ Kd7 35. Re2 Bb6 36. a4 Rg4 37. Ne5+ Kd6 38. Nxg4 Bxd4+ 39. Be3 Bg7 40. Bf4+ Kd7 41. Be5 Rh4 42. Nf6+ Bxf6 43. Bxf6 Rxa4 44. Re7+ Kd6 45. Rce2 d4 46. R7e6+ Kc5 47. Rc2+ Kd5 48. Rcxc6 d3 49. Rcd6+ Kc4 50. Re4+ Kc5 51. Rxa4 Kxd6 52. Bg5 1-0

[Event "*** SCC Grand Prix: Titled Tuesday Blitz"]
[Site "Chess.com"]
[Date "2020.10.06"]
[Round "6"]
[White "KatarinaOstojic"]
[Black "AndreyNeves"]
[Result "1/2-1/2"]
[WhiteElo "2355"]
[BlackElo "2224"]
[TimeControl "180+1"]
[EndTime "11:06:51 PDT"]
[Termination "Game drawn by repetition"]

1. d4 d5 2. Nf3 Nf6 3. c4 e6 4.
Nc3 Be7 5. Bg5 h6 6. Bh4 O-O 7.
e3 Ne4 8. Bxe7 Qxe7 9. Rc1 c6 10. Bd3 Nxc3 11. Rxc3 Nd7 12. O-O dxc4 13. Bxc4 e5 14.
dxe5 Nxe5 15. Nxe5 Qxe5 16. Qf3 Be6 17. Bxe6 Qxe6 18. a3 Rad8 19. Rd1 Rfe8 20. h3 Qe7 21. Rcd3 Rxd3 22. Rxd3 Rd8 23. Qd1 Rxd3 24. Qxd3 g6 25.
b4 a6 26. Qd4 h5 27. g3 Qe6 28. Kg2 Qf5 29. e4 Qe6 30. h4 Kf8 31. Qh8+ Ke7 32. e5 Qd5+ 33. Kh2 Qf3 34. Kg1 Ke6 35. Qb8 Qd1+ 36. Kh2 Qd4 37. Qxb7 Qxf2+ 38. Kh3 Qf5+ 39. Kg2 Qe4+ 40. Kh2 Kxe5 41. Qxa6 f5 42. Qa5+ Ke6 43. Qd8 Qe2+ 44. Kh3 Qf1+ 45. Kh2 Qf2+ 46. Kh3 Qf1+ 47.
Kh2 Qf2+ 48. Kh3 Qf1+ 1/2-1/2

[Event "*** SCC Grand Prix: Titled Tuesday Blitz"]
[Site "Chess.com"]
[Date "2020.10.06"]
[Round "6"]
[White "tmr88"]
[Black "queen_iryna"]
[Result "0-1"]
[WhiteElo "2108"]
[BlackElo "2305"]
[TimeControl "180+1"]
[EndTime "11:06:53 PDT"]
[Termination "queen_iryna won on time"]

1. e4 d6 2. d4 Nf6 3. Nc3 e5 4.
dxe5 dxe5 5. Qxd8+ Kxd8 6. Bc4 Ke8 7. Nge2 a6 8. Bg5 Nbd7 9. O-O-O b5 10. Bb3 Bb7 11. f4 Bd6 12. Rhf1 Nxe4 13. Nxe4 Bxe4 14. Bxf7+ Kxf7 15. fxe5+ Kg6 16. exd6 Kxg5 17. dxc7 Nf6 18. Ng3 Bxg2 19. Rg1 Bb7 20. Ne4+ Kf4 21. Nd6 Bc8 22. Rxg7 Ng4 23. Rf1+ Ke3 24. c3 Ke2 25. Rf4 Ne3 26. Rd7 Bxd7 27. Nf7 Rhf8 0-1

[Event "*** SCC Grand Prix: Titled Tuesday Blitz"]
[Site "Chess.com"]
[Date "2020.10.06"]
[Round "6"]
[White "crescentmoon2411"]
[Black "FloMasterAAK"]
[Result "1-0"]
[WhiteElo "2796"]
[BlackElo "2552"]
[TimeControl "180+1"]
[EndTime "11:06:56 PDT"]
[Termination "crescentmoon2411 won by resignation"]

1. d4 d5 2. c4 dxc4 3. Nf3 Nf6 4. e3 g6 5. Bxc4 Bg7 6. O-O O-O 7. h3 Ne4 8. Nbd2 Nd6 9. Be2 Nc6 10. Nc4 Bf5 11.
b3 Nxc4 12. bxc4 e5 13. d5 e4 14. Nd4 Nxd4 15. exd4 c6 16. dxc6 Bxd4 17. cxb7 Rb8 18. Bh6 Re8 19. Rb1 e3 20. fxe3 Bxb1 21. exd4 Rxb7 22. d5 Be4 23. Qd4 Qb6 24. c5 Qb2 25. Qxb2 Rxb2 26. Bf3 Bxf3 27. Rxf3 Re1+ 28. Kh2 Ree2 29.
Rg3 f5 30. d6 Kf7 31. d7 Ke7 32. c6 f4 33. Bxf4 1-0

[Event "*** SCC Grand Prix: Titled Tuesday Blitz"]
[Site "Chess.com"]
[Date "2020.10.06"]
[Round "6"]
[White "KonstantinB_1983"]
[Black "GukeshDommaraju"]
[Result "0-1"]
[WhiteElo "2524"]
[BlackElo "2804"]
[TimeControl "180+1"]
[EndTime "11:07:00 PDT"]
[Termination "GukeshDommaraju won by resignation"]

1. d4 d5 2. c4 e6 3. Nc3 Bb4 4. Nf3 Nf6 5. Bg5 h6 6. Bxf6 Qxf6 7. e3 O-O 8. Qc2 c5 9. a3 Bxc3+ 10. Qxc3 Nd7 11. cxd5 exd5 12. Be2 c4 13. b3 b5 14. a4 Nc5 15. axb5 Nxb3 16. Rd1 Bd7 17. O-O Bxb5 18. Ne5 a5 19. Bf3 Qd6 20. e4 Qb4 21. Qe3 c3 22.
Qf4 c2 23. Ng4 Bxf1 24. Rxf1 c1=Q 25. Rxc1 Nxc1 26. h4 Nd3 27. Nxh6+ gxh6 28. Qxh6 Qxd4 29. e5 Qxe5 0-1

[Event "*** SCC Grand Prix: Titled Tuesday Blitz"]
[Site "Chess.com"]
[Date "2020.10.06"]
[Round "6"]
[White "Rodalquilar"]
[Black "vladimirdamjanovic"]
[Result "1-0"]
[WhiteElo "2780"]
[BlackElo "2550"]
[TimeControl "180+1"]
[EndTime "11:07:00 PDT"]
[Termination "Rodalquilar won by resignation"]

1. d4 Nf6 2. Bf4 c5 3. e3 d5 4. Nf3 Bg4 5. Nbd2 Nc6 6. c3 e6 7. Qb3 Qb6 8. Qxb6 axb6 9. Bb5 Bxf3 10. Nxf3 Nd7 11. O-O Be7 12. Rfe1 O-O 13. e4 dxe4 14. Rxe4 Nf6 15. Ree1 cxd4 16. Bxc6 bxc6 17. Nxd4 Rfc8 18.
a3 Nd5 19. Be5 Bf6 20. Rad1 Bxe5 21. Rxe5 c5 22. Nb5 Rd8 23. Ree1 Kf8 24. g3 Ke7 25. f4 g6 26. Kf2 h5 27. Kf3 Nf6 28.
h3 Rxd1 29. Rxd1 Rd8 30. Rxd8 Kxd8 31. Nd6 Ke7 32. Nc8+ Kd7 33. Nxb6+ Kc6 34. Nc4 Kd5 35. Ne5 Ne4 36. Nxf7 Nd2+ 37. Ke2 Nc4 38. b3 Nxa3 39. Ne5 g5 40. Kd3 gxf4 41. gxf4 Kd6 42. Nc4+ Nxc4 43. Kxc4 Kc6 44. b4 cxb4 45. cxb4 h4 46. Kd4 Kb5 47. Ke5 Kxb4 48. Kxe6 Kc4 49. f5 Kd3 50. f6 Ke4 51. f7 Kf4 52. f8=Q+ Kg3 53. Qf5 1-0

[Event "*** SCC Grand Prix: Titled Tuesday Blitz"]
[Site "Chess.com"]
[Date "2020.10.06"]
[Round "6"]
[White "Smile2005"]
[Black "gumimis"]
[Result "1-0"]
[WhiteElo "2415"]
[BlackElo "2254"]
[TimeControl "180+1"]
[EndTime "11:07:00 PDT"]
[Termination "Smile2005 won by checkmate"]

1. Nf3 Nf6 2. g3 g6 3. Bg2 Bg7 4. O-O O-O 5. d3 c5 6. Nc3 d5 7. e4 Nc6 8. h3 dxe4 9. Nxe4 Nxe4 10. dxe4 Qb6 11. c3 Be6 12. Qc2 Rad8 13. Be3 Bc4 14.
Rfd1 Rxd1+ 15. Rxd1 Bxa2 16. b4 Bc4 17. Bxc5 Qa6 18. Qb2 b6 19. Ra1 Qb5 20. Be3 Nxb4 21. Rxa7 Nc6 22. Qxb5 Bxb5 23. Rc7 Bxc3 24. Bxb6 Ra8 25.
Bc5 Ra1+ 26. Kh2 e6 27. Ng5 Ne5 28. f4 h6 29. Rc8+ Kg7 30. Bf8+ Kg8 31. Bxh6+ Be8 32. Rxe8# 1-0

[Event "*** SCC Grand Prix: Titled Tuesday Blitz"]
[Site "Chess.com"]
[Date "2020.10.06"]
[Round "6"]
[White "parnali1611"]
[Black "Denis_Makhnyov"]
[Result "1-0"]
[WhiteElo "2155"]
[BlackElo "2868"]
[TimeControl "180+1"]
[EndTime "11:07:01 PDT"]
[Termination "parnali1611 won by resignation"]

1. d4 Nf6 2. c4 e6 3. g3 c5 4. d5 exd5 5. cxd5 d6 6. Bg2 g6 7. Nc3 Bg7 8. Nf3 O-O 9. O-O Re8 10. Nd2 Nbd7 11. a4 Ne5 12. h3 b6 13. f4 Nh5 14.
Kh2 Ba6 15. fxe5 Bxe5 16. Rf3 Nxg3 17. Rxg3 h5 18. Nf3 h4 19. Nxe5 hxg3+ 20. Kxg3 Rxe5 21. e4 Qf6 22. Bf4 Rh5 23. Qg4 Bc8 24. Qf3 Bd7 25.
Rf1 Rf8 26. Kh2 Qe7 27. Qg3 Re8 28. Bxd6 Qd8 29. e5 Bf5 30. Ne4 Bxe4 31. Bxe4 Qd7 32.
Bxg6 1-0

[Event "*** SCC Grand Prix: Titled Tuesday Blitz"]
[Site "Chess.com"]
[Date "2020.10.06"]
[Round "6"]
[White "mhennigan"]
[Black "anon569"]
[Result "1-0"]
[WhiteElo "2408"]
[BlackElo "2241"]
[TimeControl "180+1"]
[EndTime "11:07:03 PDT"]
[Termination "mhennigan won on time"]

1. g3 Nf6 2. Bg2 g6 3. e4 d6 4.
d4 Bg7 5. Nc3 O-O 6. Nge2 Nbd7 7. h3 e5 8. Be3 b6 9. O-O Bb7 10. g4 Qe7 11. Ng3 Rfe8 12. g5 Nh5 13. Nxh5 gxh5 14.
d5 Nf8 15. Qxh5 Ng6 16. Qg4 Bc8 17. Qg3 Kh8 18. h4 f5 19. exf5 Bxf5 20. h5 Nf4 21. h6 Bxh6 22. gxh6 Nxg2 23. Bg5 Qf7 24. Kxg2 1-0

[Event "*** SCC Grand Prix: Titled Tuesday Blitz"]
[Site "Chess.com"]
[Date "2020.10.06"]
[Round "6"]
[White "GM_Levan_Pantsulaia"]
[Black "Gurvich_Vitaly"]
[Result "1-0"]
[WhiteElo "2794"]
[BlackElo "2627"]
[TimeControl "180+1"]
[EndTime "11:07:04 PDT"]
[Termination "GM_Levan_Pantsulaia won by resignation"]

1. Nf3 Nf6 2. g3 g6 3. b3 Bg7 4. Bb2 c5 5. c4 d6 6. d4 Ne4 7.
Nc3 Qa5 8. Rc1 Bg4 9. a3 Bxf3 10. exf3 cxd4 11. fxe4 dxc3 12. b4 Qe5 13. Rxc3 Qxe4+ 14. Re3 Qxh1 15. Bxg7 Rg8 16. Qxd6 Nc6 17. Bf6 e6 18. b5 Rd8 19. Qc5 Rd7 20. bxc6 Qxc6 21. Qxc6 bxc6 22.
Bg2 Rc7 23. Rd3 Rc8 24. Bxc6+ Kf8 25. Bb7 Rb8 26. c5 g5 27. c6 1-0

[Event "*** SCC Grand Prix: Titled Tuesday Blitz"]
[Site "Chess.com"]
[Date "2020.10.06"]
[Round "6"]
[White "Aygehovit1992"]
[Black "chenxiaoyuer"]
[Result "0-1"]
[WhiteElo "2620"]
[BlackElo "2495"]
[TimeControl "180+1"]
[EndTime "11:07:05 PDT"]
[Termination "chenxiaoyuer won by resignation"]

1. d4 Nf6 2. g3 g6 3. Bg2 Bg7 4. Nc3 d5 5. Bg5 c6 6. Qd2 O-O 7. h4 Qb6 8. O-O-O Nbd7 9. Bh6 Bxh6 10. Qxh6 e5 11. Nf3 Ng4 12. Qg5 Nxf2 13. dxe5 Nxh1 14. Rxh1 Qd8 15. Qh6 f6 16. h5 g5 17. exf6 Qxf6 18.
Qxg5+ Qxg5+ 19. Nxg5 Rf2 20. Bh3 Ne5 21. e4 Bxh3 22.
Nxh3 Rf3 23. exd5 Rxg3 24. Nf4 Kh8 25. Re1 Nf3 26. Re3 Rg1+ 27. Nd1 Ng5 28. d6 Rd8 29.
Rd3 Rf1 30. Ne2 Ne4 31. d7 Nf2 32. Rd2 Nxd1 33. Rxd1 Rxd1+ 34. Kxd1 Rxd7+ 35. Ke1 Rd5 36. Nf4 Rf5 37. Ne6 Re5+ 0-1

[Event "*** SCC Grand Prix: Titled Tuesday Blitz"]
[Site "Chess.com"]
[Date "2020.10.06"]
[Round "6"]
[White "JuliaEfremova"]
[Black "Alexandercs432"]
[Result "1-0"]
[WhiteElo "2328"]
[BlackElo "2144"]
[TimeControl "180+1"]
[EndTime "11:07:05 PDT"]
[Termination "JuliaEfremova won on time"]

1. e4 e5 2. Nf3 Nf6 3. Nc3 Nc6 4. d4 exd4 5. Nxd4 Bb4 6. Nxc6 bxc6 7. Bd3 d5 8. exd5 cxd5 9. O-O O-O 10. Bg5 c6 11. Qf3 Bd6 12. h3 h6 13. Bh4 Rb8 14. Rab1 Be6 15.
Ne2 c5 16. Bf5 Bxf5 17. Qxf5 Be7 18. Rfd1 d4 19. c3 Qd5 20. Qxd5 Nxd5 21. Bxe7 Nxe7 22. cxd4 cxd4 23. Nxd4 Rfe8 24. b3 Ng6 25. Nc6 Rbc8 26. Nxa7 Ra8 27. Rd7 Re2 28. a4 Ra2 29. Rbd1 Ne5 30.
Rd8+ Rxd8 31. Rxd8+ Kh7 32. Nb5 Nc6 33. Rd7 Nb4 34.
Rxf7 Nd3 35. Nd4 Nxf2 36. Rxf2 1-0

[Event "*** SCC Grand Prix: Titled Tuesday Blitz"]
[Site "Chess.com"]
[Date "2020.10.06"]
[Round "6"]
[White "Fischerev7"]
[Black "Sergey85Rodchenkov"]
[Result "1-0"]
[WhiteElo "2357"]
[BlackElo "2453"]
[TimeControl "180+1"]
[EndTime "11:07:07 PDT"]
[Termination "Fischerev7 won by resignation"]

1. e4 c5 2. Nf3 d6 3. d4 cxd4 4. Nxd4 Nf6 5. Nc3 a6 6. Be3 e5 7. Nb3 Be7 8. f3 Be6 9. Qd2 Qc7 10. O-O-O b5 11. Kb1 O-O 12. g4 b4 13. Nd5 Bxd5 14.
exd5 a5 15. Bb5 a4 16. Nc1 Nbd7 17. Bc6 Rab8 18. h4 Nb6 19. Qd3 e4 20. fxe4 Nxg4 21. Bd4 Nd7 22. Rhg1 h5 23. Bxa4 Nde5 24. Qe2 Bf6 25. Bb3 Rfe8 26. Rdf1 Qe7 27. Nd3 Bxh4 28.
Nxe5 dxe5 29. Be3 Nxe3 30. Qxe3 g6 31. d6 Qxd6 32. Bxf7+ Kh7 33. Bxg6+ Qxg6 34. Rxg6 Kxg6 35. Rg1+ Kf6 36. Qf3+ 1-0

[Event "*** SCC Grand Prix: Titled Tuesday Blitz"]
[Site "Chess.com"]
[Date "2020.10.06"]
[Round "6"]
[White "Gabrielian_Artur"]
[Black "johnathan113"]
[Result "0-1"]
[WhiteElo "2739"]
[BlackElo "2612"]
[TimeControl "180+1"]
[EndTime "11:07:08 PDT"]
[Termination "johnathan113 won by resignation"]

1. e4 c5 2. Nc3 g6 3. d4 cxd4 4. Qxd4 Nf6 5. Nf3 Nc6 6. Qa4 d6 7. e5 dxe5 8. Nxe5 Bg7 9. Nxc6 bxc6 10. Be2 O-O 11. O-O Rb8 12. Qxa7 Bf5 13. Rd1 Qc8 14. Qxe7 Re8 15. Qd6 Nd5 16. Nxd5 cxd5 17. Bd3 Bxd3 18.
cxd3 Qc2 19. Be3 Rxb2 20. Rac1 Qe2 21. Qxd5 Rxa2 22. Re1 Qb2 23. Rb1 Qc2 24. Qc4 Rxe3 25. Rb8+ Bf8 26. Rxf8+ Kxf8 27. Qb4+ Kg8 28. Rf1 Re8 29.
Qb5 Qe2 30. h3 Rd2 0-1

[Event "*** SCC Grand Prix: Titled Tuesday Blitz"]
[Site "Chess.com"]
[Date "2020.10.06"]
[Round "6"]
[White "Sacbutt"]
[Black "Forantes"]
[Result "0-1"]
[WhiteElo "2283"]
[BlackElo "2428"]
[TimeControl "180+1"]
[EndTime "11:07:09 PDT"]
[Termination "Forantes won by checkmate"]

1. e4 c5 2. Nf3 Nc6 3. d4 cxd4 4. c3 d3 5. Bxd3 g6 6. O-O Bg7 7. c4 d6 8. Nc3 Nf6 9. h3 O-O 10. Be3 b6 11. Qd2 Bb7 12. Rfe1 Nd7 13. Bh6 Nde5 14. Nxe5 Nxe5 15. Bxg7 Kxg7 16. b3 Rc8 17. Rad1 Qd7 18. f4 Nc6 19. Nd5 e6 20. Ne3 Rcd8 21. Rf1 f5 22.
exf5 gxf5 23. g4 Kf7 24. gxf5 Rg8+ 25. Kh2 Nd4 26. fxe6+ Qxe6 27. Be2 Nxe2 28. Qxe2 Qxe3 29. Qh5+ Rg6 30. Qxh7+ Rg7 31. Qc2 Qg3# 0-1

[Event "*** SCC Grand Prix: Titled Tuesday Blitz"]
[Site "Chess.com"]
[Date "2020.10.06"]
[Round "6"]
[White "korkmaz16"]
[Black "nochewycandy"]
[Result "1-0"]
[WhiteElo "2361"]
[BlackElo "2479"]
[TimeControl "180+1"]
[EndTime "11:07:12 PDT"]
[Termination "korkmaz16 won by checkmate"]

1. d4 Nf6 2. Nf3 e6 3. e3 b6 4. Bd3 Bb7 5. c4 Bb4+ 6. Bd2 Bxd2+ 7. Nbxd2 O-O 8. Qc2 d6 9. O-O Nc6 10. a3 a5 11. Rfd1 e5 12. dxe5 Nxe5 13. Nxe5 dxe5 14. Ne4 Nxe4 15. Bxe4 Bxe4 16. Qxe4 Qf6 17. Rd7 Rac8 18. b4 Qe6 19. Rad1 axb4 20. axb4 g6 21. c5 bxc5 22. bxc5 Rfe8 23. Qb7 c6 24. h3 Rb8 25. Qc7 Rec8 26. Qd6 Qf5 27. Re7 Rb1 28. Rxb1 Qxb1+ 29. Kh2 Qf5 30.
f3 f6 31. Re6 Rf8 32. Qxc6 Qg5 33. Qd5 Kg7 34. Re7+ Kh6 35. Qd7 Qxe3 36. Rxh7+ Kg5 37. Qg4# 1-0